BR
SAN PABLO DE LAS SALINAS DOCTORS @ GILBERT FIRE FIGHTERS
07/29/2026
 
TOP OF THE 1ST
San Pablo de las Salinas Doctors batting - Pitching for Gilbert Fire Fighters : RHP Tom Newton
Pitching: RHP Tom Newton
Batting: SHB Jorge Maldonado 0-0: Called Strike
0-1: Foul Ball, location: 2F
0-2: Strikes out swinging
Batting: SHB José Vélez 0-0: Called Strike
0-1: Ball
1-1: Ball
2-1: Ball
3-1: Swinging Strike
3-2: Base on Balls
Batting: RHB John Jones 0-0: Ball
1-0: Ball
2-0: Foul Ball, location: 2F
2-1: SINGLE (Line Drive, 9S)
José Vélez to second
Throwing error, E9
José Vélez scores
John Jones to second
Batting: RHB Luis Samaripa 0-0: Ball
1-0: Called Strike
1-1: Hit by Pitch
Batting: RHB Pedro López 0-0: Fly out, F6 (Popup, 6MD)
Batting: RHB Luis López 0-0: Foul Ball, location: 2F
0-1: Swinging Strike
0-2: Ball
1-2: SINGLE (Line Drive, 7S)
John Jones to third
Luis Samaripa to second
Throwing error, E7
John Jones scores
Luis Samaripa to third
Luis López to second
Batting: RHB Sandro Hernández 0-0: Called Strike
0-1: SINGLE (Groundball, 6MD)
Luis Samaripa scores
Luis López to third
Runner from 3rd tries for Home, SAFE, no throw or cutoff
Batting: LHB Julián Díaz 0-0: Ball
1-0: Ball
2-0: Called Strike
2-1: Foul Ball, location: 2F
2-2: Strikes out swinging
Top of the 1st over - 4 run(s), 3 hit(s), 2 error(s), 1 left on base; San Pablo de las Salinas 4 - Gilbert 0
BOTTOM OF THE 1ST
Gilbert Fire Fighters batting - Pitching for San Pablo de las Salinas Doctors : RHP Esteban Ramírez
Pitching: RHP Esteban Ramírez
Batting: RHB Archie Summers 0-0: Foul Ball, location: 2F
0-1: Called Strike
0-2: Strikes out swinging
Batting: RHB Edgardo Castro 0-0: Foul Ball, location: 2F
0-1: Foul Ball, location: 2F
0-2: Ball
1-2: Strikes out looking
Batting: RHB Stan Simpson 0-0: Called Strike
0-1: Swinging Strike
0-2: Strikes out swinging
Bottom of the 1st over - 0 run(s), 0 hit(s), 0 error(s), 0 left on base; San Pablo de las Salinas 4 - Gilbert 0
TOP OF THE 2ND
San Pablo de las Salinas Doctors batting - Pitching for Gilbert Fire Fighters : RHP Tom Newton
Batting: SHB Jorge Aguilar 0-0: Foul Ball, location: 2F
0-1: Foul Ball, location: 2F
0-2: DOUBLE (Flyball, 9LD)
Batting: SHB Jorge Maldonado 0-0: Fly out, F8 (Flyball, 8LS)
Batting: SHB José Vélez 0-0: Ball
1-0: Called Strike
Jorge Aguilar is caught stealing 3rd base
1-1: Ball
2-1: DOUBLE (Groundball, 3D)
Batting: RHB John Jones 0-0: DOUBLE (Line Drive, 9LS)
José Vélez scores
Batting: RHB Luis Samaripa 0-0: Ball
1-0: Called Strike
1-1: Fly out, F9 (Popup, 34D)
Top of the 2nd over - 1 run(s), 3 hit(s), 0 error(s), 1 left on base; San Pablo de las Salinas 5 - Gilbert 0
BOTTOM OF THE 2ND
Gilbert Fire Fighters batting - Pitching for San Pablo de las Salinas Doctors : RHP Esteban Ramírez
Batting: RHB William Wilson 0-0: Ball
1-0: Ball
2-0: Swinging Strike
2-1: Ball
3-1: Foul Ball, location: 2F
3-2: Foul Ball, location: 2F
3-2: Strikes out swinging
Batting: LHB Jim Knight 0-0: Ball
1-0: Called Strike
1-1: Swinging Strike
1-2: Foul Ball, location: 2F
1-2: Foul Ball, location: 2F
1-2: Ball
2-2: Foul Ball, location: 2F
2-2: Fly out, F9 (Flyball, 9M)
Batting: RHB Andrés Silva 0-0: Ball
1-0: Called Strike
1-1: Fly out, F8 (Flyball, 8LM)
Bottom of the 2nd over - 0 run(s), 0 hit(s), 0 error(s), 0 left on base; San Pablo de las Salinas 5 - Gilbert 0
TOP OF THE 3RD
San Pablo de las Salinas Doctors batting - Pitching for Gilbert Fire Fighters : RHP Tom Newton
Batting: RHB Pedro López 0-0: Called Strike
0-1: Reached on error, E5 (Groundball, 5)
Batting: RHB Luis López 0-0: Ball
1-0: Ball
2-0: Swinging Strike
2-1: Called Strike
2-2: Strikes out swinging
Batting: RHB Sandro Hernández 0-0: Called Strike
0-1: Fly out, F2 (Popup, 2RF)
Batting: LHB Julián Díaz 0-0: Ball
1-0: Called Strike
1-1: SINGLE (Groundball, 4M)
Pedro López to third
Runner from 3rd tries for Home, SAFE, throw made home
Julián Díaz to second
Batting: SHB Jorge Aguilar 0-0: Ball
1-0: Ball
2-0: Ball
3-0: Base on Balls
Batting: SHB Jorge Maldonado 0-0: Ground out 5-3 (Groundball, 56S)
Top of the 3rd over - 1 run(s), 1 hit(s), 1 error(s), 2 left on base; San Pablo de las Salinas 6 - Gilbert 0
BOTTOM OF THE 3RD
Gilbert Fire Fighters batting - Pitching for San Pablo de las Salinas Doctors : RHP Esteban Ramírez
Batting: RHB Ed Keesee 0-0: Fly out, F6 (Line Drive, 6)
Batting: RHB José Hernández 0-0: Called Strike
0-1: Ball
1-1: Ball
2-1: Ball
3-1: Ground out 6-3 (Groundball, 6)
Batting: RHB Steve Bigham 0-0: Called Strike
0-1: Called Strike
0-2: Foul Ball, location: 2F
0-2: Strikes out swinging
Bottom of the 3rd over - 0 run(s), 0 hit(s), 0 error(s), 0 left on base; San Pablo de las Salinas 6 - Gilbert 0
TOP OF THE 4TH
San Pablo de las Salinas Doctors batting - Pitching for Gilbert Fire Fighters : RHP Tom Newton
Batting: SHB José Vélez 0-0: Ball
1-0: SOLO HOME RUN (Flyball, 89XD), Distance : 441 ft
Batting: RHB John Jones 0-0: Fly out, F2 (Popup, 2LF)
Batting: RHB Luis Samaripa 0-0: Ball
1-0: Ball
2-0: Called Strike
2-1: Foul Ball, location: 2F
2-2: Fly out, F9 (Flyball, 89M)
Batting: RHB Pedro López 0-0: SINGLE (Line Drive, 7S)
Batting: RHB Luis López 0-0: Ball
1-0: Ball
2-0: Swinging Strike
2-1: Foul Ball, location: 2F
2-2: SINGLE (Line Drive, 8LS)
Pedro López to second
Runner from 2nd tries for 3rd, SAFE, no throw or cutoff
Batting: RHB Sandro Hernández 0-0: Called Strike
0-1: Ball
1-1: Fly out, F7 (Flyball, 7M)
Top of the 4th over - 1 run(s), 3 hit(s), 0 error(s), 2 left on base; San Pablo de las Salinas 7 - Gilbert 0
BOTTOM OF THE 4TH
Gilbert Fire Fighters batting - Pitching for San Pablo de las Salinas Doctors : RHP Esteban Ramírez
Batting: RHB Archie Summers 0-0: Foul Ball, location: 2F
0-1: Ball
1-1: Ball
2-1: Ball
3-1: Swinging Strike
3-2: Strikes out swinging
Batting: RHB Edgardo Castro 0-0: Swinging Strike
0-1: Ground out 5-3 (Groundball, 5)
Batting: RHB Stan Simpson 0-0: SINGLE (Line Drive, 8LS)
Batting: RHB William Wilson 0-0: Called Strike
0-1: Called Strike
0-2: Ball
1-2: Strikes out swinging
Bottom of the 4th over - 0 run(s), 1 hit(s), 0 error(s), 1 left on base; San Pablo de las Salinas 7 - Gilbert 0
TOP OF THE 5TH
San Pablo de las Salinas Doctors batting - Pitching for Gilbert Fire Fighters : RHP Tom Newton
Batting: LHB Julián Díaz 0-0: Foul Ball, location: 2F
0-1: Foul Ball, location: 2F
0-2: Fly out, F6 (Popup, 6M)
Batting: SHB Jorge Aguilar 0-0: Called Strike
0-1: Ball
1-1: Foul Ball, location: 2F
1-2: Ball
2-2: Foul Ball, location: 2F
2-2: Foul Ball, location: 2F
2-2: SINGLE (Groundball, 13) (infield hit)
Batting: SHB Jorge Maldonado 0-0: Ball
1-0: Ball
2-0: Foul Ball, location: 2F
2-1: Ground out 4-3 (Groundball, 13)
Jorge Aguilar to second
Batting: SHB José Vélez 0-0: Ball
1-0: SINGLE (Groundball, 4M)
Jorge Aguilar to third
Runner from 3rd tries for Home, SAFE, no throw or cutoff
Batting: RHB John Jones 0-0: Ball
José Vélez steals 2nd base
1-0: Ball
2-0: Ground out 5-3 (Groundball, 5)
Top of the 5th over - 1 run(s), 2 hit(s), 0 error(s), 1 left on base; San Pablo de las Salinas 8 - Gilbert 0
BOTTOM OF THE 5TH
Gilbert Fire Fighters batting - Pitching for San Pablo de las Salinas Doctors : RHP Esteban Ramírez
Batting: LHB Jim Knight 0-0: Called Strike
0-1: Ground out 6-3 (Groundball, 6M)
Batting: RHB Andrés Silva 0-0: Ball
1-0: Called Strike
1-1: Fly out, F8 (Flyball, 8RS)
Batting: RHB Ed Keesee 0-0: Ball
1-0: Ball
2-0: Ground out 6-3 (Groundball, 6M)
Bottom of the 5th over - 0 run(s), 0 hit(s), 0 error(s), 0 left on base; San Pablo de las Salinas 8 - Gilbert 0
TOP OF THE 6TH
San Pablo de las Salinas Doctors batting - Pitching for Gilbert Fire Fighters : RHP Tom Newton
Batting: RHB Luis Samaripa 0-0: Called Strike
0-1: SINGLE (Line Drive, 56)
Batting: RHB Pedro López 0-0: SINGLE (Groundball, 13) (infield hit)
Luis Samaripa to second
Batting: RHB Luis López 0-0: Ball
Luis Samaripa steals 3rd base
Pedro López to second
1-0: Ball
2-0: Foul Ball, location: 2F
2-1: Ground out U3 (Groundball, 3S)
Batting: RHB Sandro Hernández 0-0: Foul Ball, location: 2F
0-1: Swinging Strike
0-2: Fly out, F7 (Flyball, 78M)
Runner from 3rd tags up, SCORES, no throw
Batting: LHB Julián Díaz 0-0: Fly out, F9 (Flyball, 9M)
Top of the 6th over - 1 run(s), 2 hit(s), 0 error(s), 1 left on base; San Pablo de las Salinas 9 - Gilbert 0
BOTTOM OF THE 6TH
Gilbert Fire Fighters batting - Pitching for San Pablo de las Salinas Doctors : RHP Esteban Ramírez
Batting: RHB José Hernández 0-0: Ball
1-0: Called Strike
1-1: Called Strike
1-2: Foul Ball, location: 2F
1-2: Ball
2-2: Strikes out swinging
Batting: RHB Steve Bigham 0-0: Ball
1-0: Foul Ball, location: 2F
1-1: Called Strike
1-2: Ground out 5-3 (Groundball, 5L)
Batting: RHB Archie Summers 0-0: Called Strike
0-1: Ball
1-1: Foul Ball, location: 2F
1-2: Strikes out swinging
Bottom of the 6th over - 0 run(s), 0 hit(s), 0 error(s), 0 left on base; San Pablo de las Salinas 9 - Gilbert 0
TOP OF THE 7TH
San Pablo de las Salinas Doctors batting - Pitching for Gilbert Fire Fighters : RHP Tom Newton
Batting: SHB Jorge Aguilar 0-0: Called Strike
0-1: Ball
1-1: Called Strike
1-2: Ball
2-2: Foul Ball, location: 2F
2-2: Foul Ball, location: 2F
2-2: Foul Ball, location: 2F
2-2: Ball
3-2: Base on Balls
Batting: SHB Jorge Maldonado 0-0: Bunted foul
0-1: Bunted foul
0-2: Reached on error, E1 (Groundball, 15S)
Jorge Aguilar to third
Batting: SHB José Vélez 0-0: Foul Ball, location: 2F
0-1: Ball
1-1: Called Strike
1-2: Foul Ball, location: 2F
1-2: Ball
2-2: SINGLE (Line Drive, 4MD)
Jorge Aguilar scores
Jorge Maldonado to third
Batting: RHB John Jones 0-0: Fly out, F5 (Line Drive, 56)
Batting: RHB Luis Samaripa 0-0: Ball
José Vélez is caught stealing 2nd base
1-0: Ground out 4-3 (Groundball, 4M)
Top of the 7th over - 1 run(s), 1 hit(s), 1 error(s), 1 left on base; San Pablo de las Salinas 10 - Gilbert 0
BOTTOM OF THE 7TH
Gilbert Fire Fighters batting - Pitching for San Pablo de las Salinas Doctors : RHP Esteban Ramírez
Batting: RHB Edgardo Castro 0-0: Ball
1-0: Ball
2-0: Called Strike
2-1: Fly out, F8 (Flyball, 8LM)
Batting: RHB Stan Simpson 0-0: Foul Ball, location: 2F
0-1: Foul Ball, location: 2F
0-2: Ball
1-2: Ground out 6-3 (Groundball, 6)
Batting: RHB William Wilson 0-0: Called Strike
0-1: Ball
1-1: Ball
2-1: Fly out, F9 (Flyball, 9M)
Bottom of the 7th over - 0 run(s), 0 hit(s), 0 error(s), 0 left on base; San Pablo de las Salinas 10 - Gilbert 0
TOP OF THE 8TH
San Pablo de las Salinas Doctors batting - Pitching for Gilbert Fire Fighters : RHP Tom Newton
Batting: RHB Pedro López 0-0: Ground out 5-3 (Groundball, 5S)
Batting: RHB Luis López 0-0: Fly out, F5 (Popup, 25F)
Batting: RHB Sandro Hernández 0-0: Ball
1-0: Ball
2-0: Hit by Pitch
Batting: LHB Julián Díaz 0-0: Ball
1-0: DOUBLE (Line Drive, 9LS)
Sandro Hernández to third
Pitching: RHP Armando Rodríguez
Batting: SHB Jorge Aguilar 0-0: DOUBLE (Flyball, 89M)
Sandro Hernández scores
Julián Díaz scores
Batting: SHB Jorge Maldonado 0-0: SINGLE (Line Drive, 4MD)
Jorge Aguilar to third
Runner from 3rd tries for Home, SAFE, no throw or cutoff
Batting: SHB José Vélez 0-0: Called Strike
Jorge Maldonado steals 2nd base
0-1: SINGLE (Flyball, 8RS)
Jorge Maldonado to third
Runner from 3rd tries for Home, SAFE, no throw or cutoff
Batting: RHB John Jones 0-0: Called Strike
0-1: Foul Ball, location: 2F
0-2: Ball
Single, Error in OF, E8, batter to second base
José Vélez to third
Batting: RHB Luis Samaripa 0-0: Called Strike
0-1: Ball
1-1: Called Strike
1-2: SINGLE (Groundball, 4MD)
José Vélez scores
John Jones to third
Runner from 3rd tries for Home, SAFE, no throw or cutoff
Batting: RHB Pedro López 0-0: Foul Ball, location: 2F
0-1: Ball
Luis Samaripa steals 2nd base
1-1: SINGLE (Groundball, 6MD)
Luis Samaripa to third
Runner from 3rd tries for Home, SAFE, no throw or cutoff
Batting: RHB Luis López 0-0: Ball
1-0: Called Strike
1-1: Ball
2-1: Swinging Strike
2-2: Reached on error, E3 (Groundball, 3)
Pedro López to second
Batting: RHB Sandro Hernández 0-0: Ball
1-0: Fielders Choice at 2nd, U6 (Groundball, 6M)
Top of the 8th over - 7 run(s), 7 hit(s), 2 error(s), 2 left on base; San Pablo de las Salinas 17 - Gilbert 0
BOTTOM OF THE 8TH
Gilbert Fire Fighters batting - Pitching for San Pablo de las Salinas Doctors : RHP Esteban Ramírez
Pitching: RHP Miguel Guzmán
Batting: LHB Jim Knight 0-0: Foul Ball, location: 2F
0-1: Ball
1-1: Ball
2-1: Ball
3-1: Reached on error, E5 (Groundball, 5)
Batting: RHB Andrés Silva 0-0: Fly out, F9 (Flyball, 89M)
Batting: RHB Ed Keesee 0-0: Ball
1-0: Called Strike
1-1: Fly out, F5 (Popup, 25)
Batting: RHB José Hernández 0-0: Ball
1-0: Swinging Strike
Passed Ball!
Jim Knight to third
1-1: Swinging Strike
1-2: Fly out, F8 (Flyball, 6MD)
Bottom of the 8th over - 0 run(s), 0 hit(s), 1 error(s), 1 left on base; San Pablo de las Salinas 17 - Gilbert 0
TOP OF THE 9TH
San Pablo de las Salinas Doctors batting - Pitching for Gilbert Fire Fighters : RHP Armando Rodríguez
Pitching: RHP Mauro Vásquez
Batting: LHB Julián Díaz 0-0: Fly out, F3 (Popup, 3SF)
Batting: SHB Jorge Aguilar 0-0: Swinging Strike
0-1: Called Strike
0-2: Ball
1-2: Ball
2-2: Ball
3-2: Ground out U3 (Groundball, 3S)
Batting: SHB Jorge Maldonado 0-0: Ball
Single, Error in OF, E8, batter to second base
Batting: SHB José Vélez 0-0: Swinging Strike
0-1: Ground out 4-3 (Groundball, 4M)
Top of the 9th over - 0 run(s), 1 hit(s), 1 error(s), 1 left on base; San Pablo de las Salinas 17 - Gilbert 0
BOTTOM OF THE 9TH
Gilbert Fire Fighters batting - Pitching for San Pablo de las Salinas Doctors : RHP Miguel Guzmán
Batting: RHB Steve Bigham 0-0: Called Strike
0-1: Ball
1-1: Foul Ball, location: 2F
1-2: Strikes out swinging
Batting: RHB Archie Summers 0-0: Ball
1-0: Fly out, F8 (Flyball, 8LM)
Batting: RHB Edgardo Castro 0-0: Ball
1-0: Ball
2-0: Reached on error, E5 (Groundball, 56S)
Batting: RHB Stan Simpson 0-0: Called Strike
0-1: Fly out, F4 (Popup, 3D)
Bottom of the 9th over - 0 run(s), 0 hit(s), 1 error(s), 1 left on base; San Pablo de las Salinas 17 - Gilbert 0
Monday, December 5th, 2016 - OOTP Baseball 17.12 Build 75